 Dungeon Crawl Stone Soup version 0.17.2-1-ge4368a0 (webtiles) character file.

178 Goblin1989 the Cudgeler (level 5, -2/41 HPs)
             Began as a Demonspawn Fighter on Sept 27, 2016.
             Slain by a hobgoblin (3 damage)
             ... led by Robin
             ... on level 3 of the Dungeon.
             The game lasted 00:07:34 (2051 turns).

Goblin1989 the Cudgeler (Demonspawn Fighter)        Turns: 2051, Time: 00:07:34

Health: -2/41      AC: 13    Str: 22    XL:     5   Next: 32%
Magic:  5/5        EV:  6    Int: 15    God:
Gold:   91         SH:  9    Dex: 12    Spells: 0 memorised, 4 levels left

rFire  . . .     SeeInvis .     a - +0 flail
rCold  . . .     Clarity  .     k - +0 plate armour
rNeg   . . .     SustAt   .     c - +0 shield
rPois  .         Gourm    .     (helmet restricted)
rElec  .         Spirit   .     (no cloak)
rCorr  .         Warding  .     (no gloves)
rMut   .         Stasis   .     (no boots)
MR     .....                    (no amulet)
Stlth  ..........               (no ring)
                                q - +3 ring of evasion

@: mighty, brilliant, lethally poisoned (-2 -> -40), not resistant to hostile
enchantments, extremely unstealthy
A: antennae 1, yellow scales 1, spit poison 1
a: Spit Poison


You were on level 3 of the Dungeon.
You were not hungry.

You visited 1 branch of the dungeon, and saw 3 of its levels.

You collected 91 gold pieces.

Inventory:

Hand Weapons
 a - a +0 flail (weapon)
Armour
 c - a +0 shield (worn)
 k - a +0 plate armour (worn)
Jewellery
 q - a +3 ring of evasion (left hand)
Scrolls
 j - a scroll of noise {unknown}
 m - a scroll of amnesia {unknown}
 s - a scroll of identify {unknown}
 B - 2 scrolls of blinking
 T - 5 scrolls of teleportation {@r4}
Potions
 d - a potion of might
 g - 2 potions of curing {@q1}
Comestibles
 e - 2 bread rations
 f - 2 meat rations
 h - 2 beef jerkies
 i - 4 fruits
 p - a slice of pizza


   Skills:
 - Level 3.0 Fighting
 + Level 5.1 Maces & Flails
 - Level 2.6 Armour
 - Level 2.6 Shields


You had 4 spell levels left.
You didn't know any spells.

Dungeon Overview and Level Annotations

Branches:
Dungeon (3/15)

Altars:
Fedhas
Ru


Innate Abilities, Weirdness & Mutations

You have a pair of small antennae on your head.
You are partially covered in yellow scales (AC +2).
You can spit weak poison.


Message History

* * * LOW HITPOINT WARNING * * *
You feel sick. You block the hobgoblin's attack.
The goblin hits you with a dagger.
* * * LOW HITPOINT WARNING * * *
You block the goblin's attack. The goblin barely misses you.
* * * LOW HITPOINT WARNING * * *
You feel sick. The goblin hits you but does no damage.
You are more poisoned.
There is an escape hatch in the ceiling here.
Things that are here:
a club; a short sword; a goblin corpse Your shield and plate armour prevent you from hitting the goblin.
* * * LOW HITPOINT WARNING * * *
You feel very sick.
The hobgoblin hits you but does no damage.
The goblin closely misses you. x2
The goblin hits you but does no damage.
You are more poisoned.
The hobgoblin hits you.
You die...

ਜ........†.........ਜ
ਜ........†.........ਜਜਜ
ਜ.....................
ਜ..........ਜ.........?
ਜ..........ਜ.......ਜ..
ਜਜ..................ਜਜਜ
ਜ...................ਜਜ
..ਜਜ.g).............ਜ
ਜ)@g)...........<ਜ
....[..gg.............ਜ
....ਜਜ..../.....ਜ.ਜਜਜ.ਜ
... ਜ..........ਜ.. ਜ.ਜ
.. ਜ..........ਜਜਜ.ਜ.ਜ


ਜਜਜਜਜਜਜਜਜਜਜਜ .ਜ.ਜ ਜ.ਜ ਜ.ਜ You could see a hobgoblin and 3 goblins.

Vanquished Creatures
  Jessica (D:2)
  An orc priest (D:3)
  Robin (D:3)
  3 adders (D:2)
  2 worms
  4 giant geckos
  3 orcs (D:3)
  A giant cockroach (D:2)
  16 goblins
  12 hobgoblins
  9 jackals
  6 kobolds
  A quokka (D:3)
  2 bats
  5 giant newts
  7 rats
74 creatures vanquished.

Notes
Turn   | Place    | Note
--------------------------------------------------------------
     0 | D:1      | Goblin1989 the Demonspawn Fighter began the quest for the Orb.
     0 | D:1      | Reached XP level 1. HP: 18/18 MP: 1/1
   216 | D:1      | Gained mutation: You are partially covered in yellow scales (AC +2). [demonic ancestry]
   216 | D:1      | Reached XP level 2. HP: 8/24 MP: 2/2
   707 | D:1      | Reached XP level 3. HP: 29/29 MP: 3/3
   975 | D:2      | Found a blossoming altar of Fedhas.
   976 | D:2      | Noticed Jessica
   984 | D:2      | Killed Jessica
  1016 | D:2      | Gained mutation: You have a pair of small antennae on your head. [demonic ancestry]
  1016 | D:2      | Reached XP level 4. HP: 35/35 MP: 4/4
  1146 | D:2      | Reached skill level 4 in Maces & Flails
  1328 | D:2      | Found a sacrificial altar of Ru.
  1709 | D:3      | Noticed Robin
  2006 | D:3      | Reached XP level 5. HP: 23/41 MP: 5/5
  2019 | D:3      | Gained mutation: You can spit weak poison. [potion of beneficial mutation]
  2027 | D:3      | Killed Robin
  2027 | D:3      | Reached skill level 5 in Maces & Flails
  2051 | D:3      | HP: 1/41 [poisoned by a goblin]
  2051 | D:3      | Slain by a hobgoblin

Action                   |  1- 3 |  4- 6 || total
-------------------------+-------+-------++-------
Melee: Flail             |   104 |   186 ||   290
  Use: Scroll            |     3 |       ||     3
       Potion            |       |     7 ||     7
  Eat: Chunk             |       |     4 ||     4

Vault maps used:
D:1:      dpeg_arrival_tiny_g, minmay_misc_feat_five
D:2:      lemuel_round_altar, first_bread, fedhas_altar_fruit_tree, uniq_jessica
D:3:      ecumenical_altar_2, uniq_robin
